 Dungeon Crawl Stone Soup version 0.17.1-1-g73c8601 (webtiles) character file.

68 trogs the Magician (level 4, -5/24 HPs)
             Began as a Gargoyle Wizard on Apr 4, 2016.
             Slain by a worm (8 damage)
             ... on level 2 of the Dungeon.
             The game lasted 00:14:56 (2106 turns).

trogs the Magician (Gargoyle Wizard)                Turns: 2106, Time: 00:14:56

Health: -5/24      AC:  5    Str: 11    XL:     4   Next: 19%
Magic:  1/10       EV: 11    Int: 19    God:
Gold:   142        SH:  0    Dex:  8    Spells: 1 memorised, 10 levels left

rFire  . . .     SeeInvis .     e - +0 whip
rCold  . . .     Clarity  .     a - +0 robe
rNeg   + . .     SustAt   .     (no shield)
rPois  ∞         Gourm    .     b - +0 hat
rElec  +         Spirit   .     (no cloak)
rCorr  .         Warding  .     (no gloves)
rMut   .         Stasis   .     (no boots)
MR     .....                    (no amulet)
Stlth  ++........               (no ring)
                                (no ring)

@: very slightly contaminated, hasted, very quick, not resistant to hostile
enchantments, unstealthy
A: negative energy resistance 1, electricity resistance, unbreathing,
petrification resistance, rot immunity, AC +3
a: no special abilities


You were on level 2 of the Dungeon.
You were not hungry.

You visited 1 branch of the dungeon, and saw 3 of its levels.

You collected 142 gold pieces.

Inventory:

Hand Weapons
 e - a +0 whip (weapon)
Missiles
 i - 47 stones (quivered)
Armour
 a - a +0 robe (worn)
 b - a +0 hat (worn)
Scrolls
 l - a scroll of teleportation {unknown}
 n - a scroll of remove curse {unknown}
 q - 2 scrolls of enchant weapon {unknown}
 u - a scroll of magic mapping {unknown}
 v - a scroll of recharging {unknown}
Potions
 g - a potion of agility {unknown}
 j - a potion of magic {unknown}
 k - a potion of cancellation {unknown}
 o - a potion of brilliance {unknown}
 p - 2 potions of might {unknown}
 s - a potion of flight {unknown}
Books
 c - a book of Minor Magic

   Spells                             Type                      Level
   a - Magic Dart                     Conjuration                  1
   b - Blink                          Translocation                2
   c - Call Imp                       Summoning                    2
   d - Repel Missiles                 Charms/Air                   2
   e - Slow                           Hexes                        2
   f - Conjure Flame                  Conjuration/Fire             3
   g - Mephitic Cloud                 Conjuration/Poison/Air       3
Comestibles
 d - a bread ration
 h - a chunk of flesh
 m - a royal jelly
 r - a meat ration
 t - 5 fruits


   Skills:
 - Level 1.5 Dodging
 - Level 2.1 Stealth
 + Level 4.1 Spellcasting
 + Level 2.5 Conjurations
   Level 0.8 Summonings
   Level 0.8 Translocations


You had 10 spell levels left.
You knew the following spells:

 Your Spells              Type           Power        Failure   Level  Hunger
a - Magic Dart            Conj           ##..         6%          1    None


Dungeon Overview and Level Annotations

Branches:
Dungeon (3/15)

Altars:

Annotations:
D:3 Terence


Innate Abilities, Weirdness & Mutations

You are resistant to torment.
Your stone body is resilient (AC +3).
You are immune to poison.
You resist negative energy.
You are resistant to electric shocks.
You can survive without breathing.
You are immune to petrification.
You are immune to rotting.


Message History

The adder bites you but does no damage. The adder barely misses you.
You barely miss the adder.
The adder is moderately wounded.
The adder closely misses you.
You miss the adder.
The adder is moderately wounded.
The adder closely misses you. The adder bites you but does no damage.
You miss the adder.
The adder is moderately wounded.
The adder bites you.
You miss the adder.
The adder is moderately wounded.
The adder bites you. The worm bites you!
* * * LOW HITPOINT WARNING * * *
The adder bites you.
* * * LOW HITPOINT WARNING * * *
Drink which item? (? for menu, Esc to quit)
It was a potion of haste.
You feel yourself speed up. The adder bites you but does no damage.
The worm bites you!
You die...

.# #.#.###.# #.# ##...#.....
.## #.......# #.# ##.##>##..
#.# #.#.##### #.# #.##.##..
.## #.#.#
####.########.##.##.. ###
#.#.# #.............##.##.#
..#
#.#.####.##.###########.##.#
#.# #.#......##.# #.##.# #.#
#.......###S# #..... #.#
#######.# #@# ####)# #.# #.#
#w# #.. #.# #.# #.# ######
#.# #w# #.# #..... #.# #.#
#.# #.#### #.# ####w###.#
#.# #.## #........# #.#
...######.##.##### #.#
.#......#.##)# #.#


You could see a worm and an adder.

Vanquished Creatures
  3 adders (D:2)
  3 giant geckos
  2 ball pythons
  8 bats
  A giant cockroach (D:2)
  4 hobgoblins
  7 jackals
  4 goblins
  A kobold (D:2)
  4 rats
37 creatures vanquished.

Notes
Turn   | Place    | Note
--------------------------------------------------------------
     0 | D:1      | trogs the Gargoyle Wizard began the quest for the Orb.
     0 | D:1      | Reached XP level 1. HP: 10/10 MP: 4/4
   530 | D:2      | Reached XP level 2. HP: 13/15 MP: 0/6
   842 | D:1      | Reached XP level 3. HP: 19/19 MP: 4/8
  1572 | D:2      | Reached skill level 4 in Spellcasting
  1768 | D:2      | Reached XP level 4. HP: 11/24 MP: 10/10
  2055 | D:3      | Noticed Terence
  2106 | D:2      | Slain by a worm

Action                   |  1- 3 |  4- 6 || total
-------------------------+-------+-------++-------
Melee: Whip              |    50 |    24 ||    74
 Cast: Magic Dart        |    72 |    18 ||    90
  Use: Potion            |       |     1 ||     1
  Eat: Chunk             |     2 |     2 ||     4
